 Dungeon Crawl Stone Soup version 0.26-a0-638-gcca6ad1b57 (webtiles) character file.

Game seed: 1395700995879728833

32 DogServant the Firebug (level 3, 15/19 HPs)
             Began as a Gargoyle Fire Elementalist on Sept 14, 2020.
             Quit the game on level 2 of the Dungeon.
             The game lasted 00:02:18 (1316 turns).

DogServant the Firebug (Gargoyle Fire Elementalist) Turns: 1316, Time: 00:02:18

Health: 15/19      AC:  5    Str: 11    XL:     3   Next: 27%
Magic:  1/7        EV: 12    Int: 16    God:
Gold:   23         SH:  0    Dex: 10    Spells: 6/7 levels left

rFire    . . .     SeeInvis .   d - +0 whip
rCold    . . .     Faith    .   (no shield)
rNeg     + . .     Spirit   .   a - +0 robe
rPois    ∞         Reflect  .   (no helmet)
rElec    +         Harm     .   (no cloak)
rCorr    .         Rampage  .   (no gloves)
MR       .....                  (no boots)
Stlth    ++........             (no amulet)
HPRegen  0.06/turn              (no ring)
MPRegen  0.10/turn              (no ring)

@: no status effects
A: negative energy resistance 1, electricity resistance, unbreathing,
petrification resistance, rot immunity, AC +3
a: no special abilities


You were on level 2 of the Dungeon.
You visited 1 branch of the dungeon, and saw 2 of its levels.

You collected 23 gold pieces.

Inventory:

Hand Weapons
 d - a +0 whip (weapon)
Armour
 a - a +0 robe (worn)
Scrolls
 b - 3 scrolls of identify {unknown}
 c - 2 scrolls of teleportation {unknown}
 f - a scroll of fog {unknown}
 g - a scroll of remove curse {unknown}
Potions
 e - a potion of heal wounds (quivered) {unknown}
 h - a potion of curing {unknown}


   Skills:
 - Level 1.5 Dodging
 - Level 2.3 Stealth
 + Level 2.7 Spellcasting
 + Level 1.7 Conjurations
 + Level 3.3 Fire Magic


You had 6 spell levels left.
You knew the following spells:

 Your Spells              Type           Power        Failure   Level
a - Foxfire               Conj/Fire      ##..         7%          1

Your spell library contained the following spells:

 Spells                   Type           Power        Failure   Level
 Conjure Flame            Conj/Fire      ##......     21%         3
 Inner Flame              Hex/Fire       #.......     28%         3
 Sticky Flame             Conj/Fire      ##......     54%         4
 Fireball                 Conj/Fire      ##........   88%         5


Dungeon Overview and Level Annotations

Branches:
Dungeon (2/15)

Altars:
Ashenzari


Innate Abilities, Weirdness & Mutations

You are resistant to torment.
Your stone body is resilient. (AC +3)
You are immune to poison.
You resist negative energy. (rN+)
You are resistant to electric shocks. (rElec)
You can survive without breathing.
You are immune to petrification.
You are immune to rotting.


Message History

Casting: Foxfire (safe; 7% risk of failure)
Confirm with . or Enter, or press ? or * to list all spells.
You don't have enough magic to cast that spell.
Casting: Foxfire (safe; 7% risk of failure)
Confirm with . or Enter, or press ? or * to list all spells.
You conjure some foxfire!
Your foxfire dissipates!
The foxfire hits the worm.
The worm is heavily wounded.
Found 27 stones.
A worm comes into view.
A jackal comes into view.
A jackal comes into view.
Quiver which item? (- for none, * to show all) (? for menu, Esc to quit)
You don't have any such object.
Quiver which item? (- for none, * to show all) (? for menu, Esc to quit)
Quivering
e - a sedimented purple potion for throwing.
The jackal barks!
Unknown command.
Are you sure you want to abandon this character and quit the game? (Confirm with "yes".)

.#.. #.#h# #.#.#
#... .# ###..#
..# ...h# #..#
#...###...#
########........#
.......@.....#.#
###....(.......#
.............###
#######.......##
.......##..##
###w...###w.#
......##...#
..#..#.##...#
##..##..#...#


You could see 2 worms and 2 jackals.

Vanquished Creatures
  A dart slug (D:1)
  A giant cockroach (D:1)
  2 goblins (D:1)
  3 hobgoblins (D:1)
  7 kobolds
  A ball python (D:1)
  6 bats (D:1)
  2 frilled lizards (D:1)
  6 rats
29 creatures vanquished.

Vanquished Creatures (others)
  78 foxfires
78 creatures vanquished.

Grand Total: 107 creatures vanquished

Notes
Turn   | Place    | Note
-------+----------+-------------------------------------------
     0 | D:1      | DogServant the Gargoyle Fire Elementalist began the quest
                  | for the Orb.
     0 | D:1      | Reached XP level 1. HP: 10/10 MP: 3/3
   350 | D:1      | Reached XP level 2. HP: 15/15 MP: 1/5
   826 | D:1      | Reached XP level 3. HP: 19/19 MP: 4/7
  1231 | D:2      | Found a shattered altar of Ashenzari.
  1316 | D:2      | Quit the game

Illustrated notes

Levels and vault maps discovered:
D:1:      sevenhm_arrival_forest_fort_small_6, layout_basic
D:2:      layout_rooms, nicolae_overflow_crystal_walls,
          gammafunk_temple_overflow_wave, uniq_sigmund, uniq_terence

Action                   || total
-------------------------++-------
Melee: Whip              ||    42
 Cast: Foxfire           ||    49
 Stab: Sleeping          ||     2
Armor: Robe              ||    20
Dodge: Dodged            ||    35

Table legend: (Time is in decaauts)
 A = Elapsed time spent in this place.
 B = Non-inter-level travel time spent in this place.
 C = Inter-level travel time spent in this place.
 D = Time resting spent in this place.
 E = Time spent auto-exploring this place.
 F = Levels seen in this place.
 G = Mean time per level.
                   A        B        C        D        E       F      G
               +--------+--------+--------+--------+--------+-----+--------+
         Total |   1319 |   1309 |     10 |    123 |    922 |   2 |  659.5 |
       Dungeon |   1319 |   1309 |     10 |    123 |    922 |   2 |  659.5 |
               +--------+--------+--------+--------+--------+-----+--------+

Top non-repeatable levels by time:
     D:1: 1230 daAuts
     D:2: 89 daAuts
